 Dungeon Crawl Stone Soup version 0.27-a0-1149-g4505690ab0 (webtiles) character file.

Game seed: 14307486047264574672

52097 robertstho the Eclecticist (level 15, -3/153 HPs)
             Began as a Djinni Fire Elementalist on May 13, 2021.
             Was an Elder of Ashenzari.
             Killed from afar by a rime drake (21 damage)
             ... with a flash freeze
             ... on level 5 of the Lair of Beasts.
             The game lasted 00:47:25 (27974 turns).

robertstho the Eclecticist (DjFE)                  Turns: 27974, Time: 00:47:27

Health: -3/153     AC: 36    Str:  7    XL:     15   Next: 4%
Gold:   2986       EV: 17    Int: 22    God:    Ashenzari [****..] SH:  5 Dex: 21

rFire    + + .     SeeInvis +   l - +1 dagger "Per Aspera Ad Scientiam" {venom, Self, Cun} (curse)
rCold    x . .     Faith    .   u - +0 buckler
rNeg     + . .     Spirit   .   (armour currently unavailable)
rPois    ∞         Reflect  .   z - +0 helmet "Gaze Upon Infinity" {Self, Range} (curse)
rElec    +         Harm     .   q - +0 cloak "Chained Together" {Range, Self} (curse)
rCorr    .         Rampage  .   (gloves currently unavailable)
Will     +....     Clarity  +   (boots unavailable)
Stlth    ++++......             (no amulet)
HPRegen  0.35/turn              e - ring "Negation of Ashenzari" {AC+4, Self, Range} (curse)
MPRegen  0.00/turn              v - +6 ring of dexterity

@: statue-form, flying, very slow
A: slow and powerful, torment resistance 1, flying, boosted hp, sickness
immunity, fire resistance 2, cold vulnerability 1, float, innate caster, hp
casting, extra vitality 1
a: End Transformation, Renounce Religion, Curse Item, Shatter the Chains


You were on level 5 of the Lair of Beasts.
You worshipped Ashenzari.
Ashenzari was greatly pleased with you.
You were a living statue of rough stone.
You visited 3 branches of the dungeon, and saw 17 of its levels.

You collected 3402 gold pieces.
You spent 416 gold pieces at shops.

Inventory:

Hand Weapons
 f - a +0 dagger
 k - a +1 short sword of draining
 l - the cursed +1 dagger "Per Aspera Ad Scientiam" (weapon) {venom, Self, Cun}
   (You took it off an orc wizard on level 3 of the Dungeon)

   It poisons the flesh of those it strikes.
   It has a curse which improves the following skills: Introspection: Fighting
   and Spellcasting.
   Cunning:   Dodging and Stealth.
 m - a +1 whip of electrocution
 x - a +0 vorpal long sword
 y - a +1 long sword of holy wrath
 A - a +0 short sword of protection
Missiles
 n - 2 throwing nets
 r - 14 curare-tipped darts
 P - 4 atropa-tipped darts
Armour
 h - the cursed +0 steam dragon scales "Celestial Fallacy" (melded) {Melee, Fort}
   (You found it on level 6 of the Dungeon)

   It has a curse which improves the following skills: Melee Combat: Short
   Blades, Long Blades, Axes, Maces & Flails, Polearms, Staves and Unarmed
   Combat.
   Fortitude: Armour and Shields.
 q - the cursed +0 cloak "Chained Together" (worn) {Range, Self}
   (You took it off Crazy Yiuf on level 5 of the Dungeon)

   It has a curse which improves the following skills: Ranged Combat: Slings,
   Bows, Crossbows and Throwing.
   Introspection: Fighting and Spellcasting.
 t - the cursed +0 pair of gloves "Ruined With Me" (melded) {Range, Self}
   (You found it on level 2 of the Dungeon)

   It has a curse which improves the following skills: Ranged Combat: Slings,
   Bows, Crossbows and Throwing.
   Introspection: Fighting and Spellcasting.
 u - a +0 buckler (worn)
 z - the cursed +0 helmet "Gaze Upon Infinity" (worn) {Self, Range}
   (You found it on level 9 of the Dungeon)

   It has a curse which improves the following skills: Introspection: Fighting
   and Spellcasting.
   Ranged Combat: Slings, Bows, Crossbows and Throwing.
 O - a +1 helmet of see invisible
Jewellery
 e - the cursed ring "Negation of Ashenzari" (left fist) {AC+4, Self, Range}
   (You found it on level 1 of the Dungeon)

   [ring of protection]

   It affects your AC (+4).
   It has a curse which improves the following skills: Introspection: Fighting
   and Spellcasting.
   Ranged Combat: Slings, Bows, Crossbows and Throwing.
 v - a +6 ring of dexterity (right fist)
 H - a ring of ice
 I - a ring of ice
 N - a ring of fire
Wands
 a - a wand of iceblast (3)
 p - a wand of mindburst (7)
 G - a wand of acid (21)
 J - a wand of polymorph (14)
Scrolls
 d - 6 scrolls of teleportation
 s - 3 scrolls of immolation
 B - 2 scrolls of enchant armour
 C - a scroll of blinking
 K - a scroll of fog
 M - a scroll of enchant weapon
Potions
 b - 2 potions of ambrosia
 c - 5 potions of lignification
 g - a potion of berserk rage
 i - 3 potions of haste
 j - 3 potions of mutation
 o - 2 potions of brilliance
 w - 2 potions of resistance
 D - 2 potions of curing
 E - 3 potions of heal wounds
 F - a potion of magic
 L - a potion of cancellation
Miscellaneous
 Q - a lightning rod (4/4)


   Skills:
 * Level 9.6(14.8) Fighting
 + Level 1.8 Short Blades
 + Level 5.9(8.2) Dodging
 + Level 5.0(7.3) Stealth
 + Level 2.6 Shields
 * Level 16.2(21.0) Spellcasting
 + Level 1.2 Evocations


You had 15 spell levels left.
You knew the following spells:

 Your Spells              Type           Power      Damage    Failure   Level
a - Foxfire               Conj/Fire      100%       2x1d9     0%          1
b - Conjure Flame         Conj/Fire      86%        6-21      0%          3
c - Inner Flame           Hex/Fire       86%        N/A       0%          3
d - Sticky Flame          Conj/Fire      86%        2d10      0%          4
e - Fireball              Conj/Fire      43%        3d17      0%          5
f - Apportation           Tloc           100%       N/A       0%          1
g - Poisonous Vapours     Pois/Air       100%       N/A       0%          2
h - Lesser Beckoning      Tloc           43%        N/A       0%          3
i - Teleport Other        Tloc           86%        N/A       0%          3
j - Manifold Assault      Tloc           86%        N/A       0%          5
k - Yara's Violent Unrav  Hex/Tmut       43%        3d17      0%          5
l - Statue Form           Tmut/Erth      57%        N/A       1%          6
Your spell library was empty.

Dungeon Overview and Level Annotations

Branches:
Dungeon (9/15)             Temple (0/1) D:6            Lair (6/6) D:8
 Shoals (0/4) Lair:2        Snake (0/4) Lair:3        Slime (0/5) Lair:6
    Orc (2/2) D:9             Elf (0/3) Orc:2

Altars:
Ashenzari
Cheibriados
Elyvilon
Fedhas
Kikubaaqudgha
Makhleb
Okawaru
Uskayaw
Xom
Yredelemnul
The Shining One
Beogh

Shops:
D:1 !   Orc:2 [?[([

Annotations:
D:4 exclusion: oklob plant
Orc:2 2 transporters, SJWr's ghost, journeyman GrBe


Innate Abilities, Weirdness & Mutations

You are a living statue of rough stone.
Your actions are slow, but your melee attacks are powerful.
You are resistant to unholy torment.
You are flying.
Your maximum health is greatly increased.
Your equipment is partially melded.
You are immune to sickness and miasma.
You are immune to poison.
Your flesh is very heat resistant. (rF++)
You are vulnerable to cold. (rC-)
You float through the air rather than walking.
You learn spells naturally, not from books.
Your magical power is your life essence.
You have superior vitality. (+4 HP)


Message History

You block the rime drake's attack.
You hit the rime drake but do no damage.
The rime drake looks as sick as possible!
The rime drake is lightly wounded.
The wyvern barely misses you. The rime drake misses you.
The wyvern completely misses you.
The rime drake bites you but does no damage.
You barely miss the rime drake.
The rime drake is lightly wounded.
The wyvern misses you.
The rime drake bites you but does no damage.
The wyvern bites you but does no damage.
The rime drake breathes ice at you. The flash freeze hits you!!
You feel a painful chill!
* * * LOW HITPOINT WARNING * * *
You are encased in ice.
You block the wyvern's attack.
You feel much better.
The wyvern bites you but does no damage.
The rime drake completely misses you. The wyvern bites you.
* * * LOW HITPOINT WARNING * * *
You barely miss the wyvern. You block the rime drake's attack.
The wyvern bites you!
* * * LOW HITPOINT WARNING * * *
The rime drake closely misses you. The wyvern misses you.
Casting: Statue Form (safe; 1% risk of failure)
Confirm with . or Enter, or press ? or * to list all spells.
Aiming: Sticky Flame (safe; 0% risk of failure)
Press: ? - help, Shift-Dir - straight line, f - wyvern
Aim: a wyvern (100% to hit)
The sticky flame hits the wyvern!
The wyvern is moderately wounded.
The wyvern is covered in liquid flames!
* * * LOW HITPOINT WARNING * * *
The ice encasing you melts away.
The wyvern burns!
The wyvern misses you. The rime drake misses you.
The wyvern bites you but does no damage.
The rime drake breathes ice at you. The flash freeze hits you!!
You feel a painful chill!
You die...

##.#..## ###............P#
##....#### ###............PP
#.....P..#### ##..#.....#...PP
###.........# ###..........##.P
####........#####....P...###..?
###.........P##....##.#..###..
##.........##....#..##.## ###
#............P....##### #
##.......P.8l......## #
#.........k###....## ###
##.......#...######## #P.
#........#...## ####### #..
###.#..###..#####..##.####..
########P..#.##..P#...#.P.
##########...P..........#...
#...## ##......<......#....
##.P.#####.............##..#


You could see a rime drake (very poisoned, catching breath) and a wyvern
(burning).

Vanquished Creatures
  Fannar (Lair:3)
  4 hydras
  3 two-headed ogres
  7 orc high priests (Orc:2)
  5 death yaks
  4 lindwurms (Lair:4)
  Pikel (D:5)
  2 ugly things (D:8)
  2 orc sorcerers
  A manticore (D:8)
  2 oklob plants
  A cyclops (Orc:1)
  5 elephants (Lair:4)
  A merfolk siren (Lair:2)
  4 black mambas
  A torpor snail (Lair:5)
  6 cane toads
  A gargoyle (D:8)
  3 rime drakes
  6 komodo dragons
  3 trolls (D:8)
  Prince Ribbit (D:7)
  3 polar bears
  3 hornets
  17 blink frogs
  4 dream sheep (Lair:6)
  33 yaks
  11 wyverns
  A shadow (D:8)
  7 basilisks
  6 steam dragons
  7 wargs (Orc:2)
  2 nagas (Lair:3)
  17 water moccasins
  4 sky beasts
  16 orc warriors
  An ice beast (D:6)
  6 ogres
  2 black bears
  21 wolves
  4 centaurs
  3 kobold brigands
  A phantom (D:5)
  Blork the orc (D:5)
  12 bullfrogs
  2 gnoll sergeants (D:9)
  2 scorpions
  A water moccasin zombie (D:6)
  A water moccasin skeleton (D:7)
  A killer bee (D:8)
  18 wights
  An electric eel (Lair:6)
  2 bullfrog zombies (D:5)
  A centaur zombie (D:8)
  A hound (D:5)
  Crazy Yiuf (D:5)
  37 orc priests
  2 centaur skeletons
  Ijyb (D:4)
  8 iguanas
  18 orc wizards
  A hound skeleton (D:5)
  A howler monkey zombie (D:9)
  A howler monkey skeleton (D:4)
  12 gnolls
  10 adders
  A shadow imp (D:5)
  3 white imps
  An ufetubus (D:6)
  An adder skeleton (D:4)
  4 worms
  3 dart slugs
  72 orcs
  7 bats
  9 endoplasms
  2 giant cockroaches
  9 goblins
  6 hobgoblins
  9 jackals
  14 kobolds
  4 quokkas
  4 ball pythons
  2 frilled lizards (D:3)
  4 rats
523 creatures vanquished.

Vanquished Creatures (collateral kills)
  2 foxfires (D:1)
2 creatures vanquished.

Vanquished Creatures (others)
  An unseen horror (D:8)
  827 foxfires
  36 fungi
  58 plants
922 creatures vanquished.

Grand Total: 1447 creatures vanquished

Notes
Turn   | Place    | Note
-------+----------+-------------------------------------------
     0 | D:1      | robertstho the Djinni Fire Elementalist began the quest for
                  | the Orb.
     0 | D:1      | Reached XP level 1. HP: 15/15 MP: 0/0
   171 | D:1      | Found Esisch's Distillery.
   225 | D:1      | Reached XP level 2. HP: 17/21 MP: 0/0
   280 | D:1      | Found a faded altar of an unknown god.
   969 | D:1      | Reached skill level 3 in Spellcasting
   974 | D:1      | Reached XP level 3. HP: 17/25 MP: 0/0
   974 | D:1      | Learned a level 1 spell: Apportation
  1350 | D:1      | Bought a potion of heal wounds for 55 gold pieces
  2100 | D:2      | Reached XP level 4. HP: 21/31 MP: 0/0
  2729 | D:3      | Reached skill level 1 in Fighting
  2729 | D:3      | Reached skill level 4 in Spellcasting
  2729 | D:3      | Reached XP level 5. HP: 28/37 MP: 0/0
  2729 | D:3      | Learned a level 2 spell: Poisonous Vapours
  2872 | D:3      | Noticed a sky beast
  2880 | D:3      | Killed a sky beast
  2881 | D:3      | Reached XP level 6. HP: 34/42 MP: 0/0
  3533 | D:3      | Found a broken altar of Ashenzari.
  3535 | D:3      | Found a snail-covered altar of Cheibriados.
  3535 | D:3      | Found an iron altar of Okawaru.
  3537 | D:3      | Found a hide-covered altar of Uskayaw.
  3537 | D:3      | Found a white marble altar of Elyvilon.
  3537 | D:3      | Found a shimmering altar of Xom.
  3912 | D:4      | Noticed Ijyb
  3921 | D:4      | Killed Ijyb
  3922 | D:4      | Reached skill level 5 in Spellcasting
  4450 | D:4      | Reached XP level 7. HP: 31/49 MP: 0/0
  4450 | D:4      | Learned a level 3 spell: Lesser Beckoning
  4944 | D:4      | Found a blossoming altar of Fedhas.
  4958 | D:4      | Noticed an oklob plant
  5256 | D:5      | Entered Level 5 of the Dungeon
  5764 | D:5      | Noticed Blork the orc
  5770 | D:5      | HP: 2/49 [Blork the orc/+1 vorpal trident (1)]
  5777 | D:5      | Killed Blork the orc
  5778 | D:5      | Reached skill level 6 in Spellcasting
  6118 | D:1      | Bought a potion of curing for 33 gold pieces
  6118 | D:1      | Bought a potion of mutation for 88 gold pieces
  6256 | D:5      | Reached XP level 8. HP: 51/55 MP: 0/0
  6483 | D:5      | Noticed Pikel
  6492 | D:5      | Killed Pikel
  6493 | D:5      | Reached skill level 7 in Spellcasting
  6642 | D:5      | Found a basalt altar of Yredelemnul.
  6772 | D:5      | Found a runed translucent door.
  6773 | D:5      | Noticed Crazy Yiuf
  6862 | D:5      | Killed Crazy Yiuf
  7040 | D:6      | Found a broken altar of Ashenzari.
  7121 | D:6      | Became a worshipper of Ashenzari the Shackled
  7264 | D:6      | Reached XP level 9. HP: 60/61 MP: 0/0
  7264 | D:6      | Learned a level 3 spell: Teleport Other
  7270 | D:6      | Found a staircase to the Ecumenical Temple.
  7310 | D:6      | Reached skill level 8 in Spellcasting
  8255 | D:6      | Reached skill level 1 in Short Blades
  8634 | D:7      | Noticed Prince Ribbit
  8642 | D:7      | Killed Prince Ribbit
  8826 | D:7      | Reached skill level 1 in Shields
  9003 | D:7      | Reached skill level 9 in Spellcasting
  9003 | D:7      | Reached XP level 10. HP: 63/68 MP: 0/0
 10009 | D:8      | Found a staircase to the Lair.
 10168 | D:8      | Reached skill level 5 in Fighting
 10722 | D:8      | Reached skill level 10 in Spellcasting
 10991 | D:8      | Noticed a manticore
 10995 | D:8      | Killed a manticore
 10996 | D:8      | Noticed a two-headed ogre
 10999 | D:8      | Noticed a green ugly thing
 11000 | D:8      | Noticed a brown ugly thing
 11004 | D:8      | Killed a two-headed ogre
 11005 | D:8      | Reached XP level 11. HP: 25/76 MP: 0/0
 11005 | D:8      | Learned a level 5 spell: Manifold Assault
 11309 | D:8      | Identified a scroll of acquirement
 11729 | D:8      | Reached skill level 11 in Spellcasting
 11737 | D:8      | Found a glowing golden altar of the Shining One.
 12033 | D:8      | Acquired 1249 gold pieces
 13282 | D:9      | Noticed a two-headed ogre
 13286 | D:9      | Killed a two-headed ogre
 13837 | D:9      | Noticed a two-headed ogre
 13841 | D:9      | Killed a two-headed ogre
 14155 | D:9      | Found a staircase to the Orcish Mines.
 14217 | Orc:1    | Entered Level 1 of the Orcish Mines
 14226 | Orc:1    | Noticed an orc sorcerer
 14228 | Orc:1    | Killed an orc sorcerer
 14494 | Orc:1    | Noticed a cyclops
 14498 | Orc:1    | Killed a cyclops
 14499 | Orc:1    | Reached skill level 12 in Spellcasting
 14846 | Orc:2    | Entered Level 2 of the Orcish Mines
 14860 | Orc:2    | Reached * piety under Ashenzari
 14865 | Orc:2    | Found a staircase to the Elven Halls.
 15046 | Orc:2    | Found Diuvuig's Armour Shop.
 15055 | Orc:2    | Reached XP level 12. HP: 70/85 MP: 0/0
 15183 | Orc:2    | Noticed an orc high priest
 15184 | Orc:2    | Noticed an orc high priest
 15185 | Orc:2    | Noticed a sun demon
 15185 | Orc:2    | Noticed an orc high priest
 15185 | Orc:2    | Noticed a soul eater
 15194 | Orc:2    | Killed an orc high priest
 15658 | Orc:2    | Found a transporter.
 15661 | Orc:2    | Paralysed by an orc sorcerer for 2 turns
 15738 | Orc:2    | HP: 3/86 [orc priest/nerve-wracking pain (14)]
 15873 | Orc:2    | Noticed an orc high priest
 15881 | Orc:2    | Killed an orc high priest
 16061 | Orc:2    | Noticed an orc high priest
 16094 | Orc:2    | Noticed SJWr's ghost (journeyman GrBe)
 16299 | Orc:2    | Noticed an orc high priest
 16304 | Orc:2    | Killed an orc high priest
 16378 | Orc:2    | Killed an orc high priest
 16587 | Orc:2    | Killed an orc high priest
 16588 | Orc:2    | Reached skill level 13 in Spellcasting
 17151 | Orc:2    | Found Guecs's Antique Weapon Shoppe.
 17151 | Orc:2    | Found Cunoe's Armour Shop.
 17177 | Orc:2    | Noticed an orc high priest
 17180 | Orc:2    | Noticed a sixfirhy
 17199 | Orc:2    | Killed an orc high priest
 17731 | Orc:2    | Killed an orc high priest
 17831 | Orc:2    | Found a transporter.
 18011 | Orc:2    | Found Lehalaif's Magic Scroll Shoppe.
 18011 | Orc:2    | Found Tiny's Antique Armour Shop.
 18017 | Orc:2    | Bought a scroll of enchant armour for 120 gold pieces
 18017 | Orc:2    | Bought a scroll of blinking for 120 gold pieces
 19257 | D:8      | Reached XP level 13. HP: 51/93 MP: 0/0
 19257 | D:8      | Learned a level 5 spell: Yara's Violent Unravelling
 19781 | Lair:1   | Entered Level 1 of the Lair of Beasts
 19808 | Lair:1   | Reached skill level 5 in Dodging
 20243 | Lair:1   | Noticed a seven-headed hydra
 20248 | Lair:1   | Killed a seven-headed hydra
 20951 | Lair:2   | Reached skill level 14 in Spellcasting
 21030 | Lair:2   | Reached ** piety under Ashenzari
 21197 | Lair:2   | Found a staircase to the Shoals.
 21373 | Lair:2   | Noticed a six-headed hydra
 21378 | Lair:2   | Killed a six-headed hydra
 22112 | Lair:3   | Noticed Fannar
 22117 | Lair:3   | Killed Fannar
 22944 | Lair:3   | Reached *** piety under Ashenzari
 23358 | Lair:3   | Found a staircase to the Snake Pit.
 23862 | Lair:4   | Noticed a six-headed hydra
 23868 | Lair:4   | Reached XP level 14. HP: 78/110 MP: 0/0
 23872 | Lair:4   | Reached skill level 5 in Stealth
 23874 | Lair:4   | Reached skill level 15 in Spellcasting
 25539 | Lair:4   | Reached **** piety under Ashenzari
 26710 | Lair:5   | Reached skill level 16 in Spellcasting
 26960 | Lair:5   | Found a burning altar of Makhleb.
 27435 | Lair:6   | Entered Level 6 of the Lair of Beasts
 27676 | Lair:6   | Reached skill level 1 in Evocations
 27916 | Lair:6   | Reached XP level 15. HP: 107/121 MP: 0/0
 27916 | Lair:6   | Learned a level 6 spell: Statue Form
 27950 | Lair:6   | Found a staircase to the Slime Pits.
 27974 | Lair:5   | Killed from afar by a rime drake

Illustrated notes

Levels and vault maps discovered:
D:1:      onia_arrival_handbag, layout_rooms, basic_ecumenical_altar,
          serial_shops, nicolae_shop_waterfront, hangedman_decor_growths
D:2:      layout_rooms
D:3:      layout_basic, doesnt_xom_only_xom, serial_glass, glass_columns_a,
          glass_columns_c, kennysheep_generic_room_14
D:4:      layout_cave_pools, tgw_fedhas, uniq_ijyb
D:5:      layout_gridville, lemuel_crystal_altar, kennysheep_mini_moat,
          serial_glass, glass_columns_a, glass_columns_c, uniq_pikel,
          uniq_crazy_yiuf_cottage, uniq_blork_the_orc
D:6:      cheibrodos_steamvent, layout_loops_corners,
          ashenzari_conservatory_becter, minmay_temple_entry_glassed_door
D:7:      layout_cave_pods, mrwooster_statue_mirror, uniq_prince_ribbit1
D:8:      hangedman_cross_veins, layout_loops_ring,
          nicolae_overflow_hidden_temple, lair_entry_dummy
D:9:      layout_roguey, erik_orc_2
Lair:1:   layout_roguey
Lair:2:   layout_roguey, minmay_shoals_entry_lonely_mermaid, grunt_megastairs_3
Lair:3:   layout_loops_ring, guppyfry_snake_entry_garden, minivault_26,
          grunt_megastairs_1, lemuel_fruit_fields, infiniplex_staircase_pool_2,
          serial_bayou_shore_a, uniq_fannar
Lair:4:   layout_gridlike, minmay_lindwurm_lava, grunt_megastairs_2
Lair:5:   layout_cave_pods, basic_altar
Lair:6:   hangedman_lair_tendril_chambers, layout_gridlike, slime_altar_1
Orc:1:    layout_caves
Orc:2:    st_orc_town, layout_diamond_mine, serial_shops, nicolae_shop_stone,
          gammafunk_ghost_berserking_beasts

Skill      XL: |  1  2  3  4  5  6  7  8  9 10 11 12 13 14 |
---------------+-------------------------------------------+-----
Spellcasting   | 3 4 5 6 7 9 10 12 13 14 16 | 16.2
Fighting       | 1 2 3 4 5 6 7 8 9 |  9.6
Stealth        | 2 3 4 5 |  5.0
Dodging        | 3 4 5 |  5.9
Short Blades   | 1 |  1.8
Shields        | 1 2 |  2.6
Evocations     | 1 |  1.2

Action                   |  1- 3 |  4- 6 |  7- 9 | 10-12 | 13-15 || total
-------------------------+-------+-------+-------+-------+-------++-------
Melee: Dagger            |       |       |    17 |    40 |    38 ||    95
 Cast: Foxfire           |   110 |   152 |   177 |    62 |     1 ||   502
       Sticky Flame      |       |     3 |    12 |    43 |    28 ||    86
       Poisonous Vapours |       |       |     6 |    16 |     8 ||    30
       Fireball          |       |       |     6 |   208 |   222 ||   436
       Teleport Other    |       |       |       |     8 |       ||     8
       Lesser Beckoning  |       |       |       |     1 |       ||     1
       Manifold Assault  |       |       |       |       |     5 ||     5
       Statue Form       |       |       |       |       |     1 ||     1
Invok: Curse Item        |       |       |       |     2 |     4 ||     6
Evoke: Wand              |       |       |       |       |     8 ||     8
  Use: Scroll            |     1 |     3 |     1 |     6 |       ||    11
       Potion            |       |       |     2 |     4 |     1 ||     7
 Stab: Sleeping          |       |       |     1 |     2 |       ||     3
Armor: Robe              |     1 |     2 |     8 |       |       ||    11
       Steam dragon scal |       |       |     7 |    46 |    26 ||    79
       Skin              |       |       |       |       |     6 ||     6
Dodge: Dodged            |     3 |    15 |    40 |    80 |    52 ||   190
Block: Buckler           |       |       |    15 |    32 |    18 ||    65

Table legend: (Time is in decaauts)
 A = Elapsed time spent in this place.
 B = Non-inter-level travel time spent in this place.
 C = Inter-level travel time spent in this place.
 D = Time resting spent in this place.
 E = Time spent auto-exploring this place.
 F = Levels seen in this place.
 G = Mean time per level.
                   A        B        C        D        E       F      G
               +--------+--------+--------+--------+--------+-----+--------+
         Total |  27992 |  26943 |   1049 |   5573 |  18643 |  17 | 1646.6 |
       Dungeon |  15034 |  14256 |    778 |   2262 |  10598 |   9 | 1670.4 |
          Lair |   8196 |   8071 |    125 |   1605 |   5606 |   6 | 1366.0 |
  Orcish Mines |   4761 |   4616 |    145 |   1706 |   2439 |   2 | 2380.5 |
               +--------+--------+--------+--------+--------+-----+--------+

Top non-repeatable levels by time:
     D:8: 3683 daAuts
   Orc:2: 3446 daAuts
  Lair:4: 2224 daAuts
  Lair:5: 1883 daAuts
  Lair:3: 1687 daAuts
     D:9: 1596 daAuts
     D:6: 1525 daAuts
     D:4: 1498 daAuts
     D:5: 1439 daAuts
     D:3: 1390 daAuts
     D:1: 1390 daAuts
  Lair:2: 1337 daAuts
   Orc:1: 1315 daAuts
     D:2: 1258 daAuts
     D:7: 1251 daAuts
